 Dungeon Crawl Stone Soup version 0.21.1-1-g345015f (webtiles) character file.

74 Inchmeat the Digger (level 4, 0/57 HPs)
             Began as a Gnoll Wanderer on June 25, 2018.
             Slain by a centaur
             ... wielding a cursed -2 shortbow
              (1 damage)
             ... on level 2 of the Dungeon.
             The game lasted 00:01:42 (1132 turns).

Inchmeat the Digger (Gnoll Wanderer)                Turns: 1132, Time: 00:01:43

Health: 0/57       AC: 22    Str: 17    XL:     4   Next: 28%
Magic:  14/14      EV:  2    Int: 14    God:
Gold:   34         SH:  4    Dex: 13    Spells: 5/5 levels left

rFire    . . .     SeeInvis .   a - +2 dagger
rCold    . . .     Gourm    .   d - +0 buckler
rNeg     + + +     Faith    .   (armour currently unavailable)
rPois    +         Spirit   .   (helmet currently unavailable)
rElec    .         Reflect  .   (cloak currently unavailable)
rCorr    .         Harm     .   (gloves currently unavailable)
MR       .....     NoTele   +   (boots currently unavailable)
Stlth    ++........             (no amulet)
HPRegen  0.19/turn              k - ring of magical power
MPRegen  0.14/turn              (no ring)

@: tree-form
A: distributed training, strong nose
a: no special abilities


You were on level 2 of the Dungeon.
You were hungry.
You were a tree.
You visited 1 branch of the dungeon, and saw 2 of its levels.

You collected 34 gold pieces.

Inventory:

Hand Weapons
 a - a +2 dagger (weapon)
Armour
 d - a +0 buckler (worn)
 e - a +0 robe (melded)
Jewellery
 h - an uncursed ring of ice {unknown}
 k - a ring of magical power (left branch)
Scrolls
 g - a scroll of amnesia {unknown}
 i - a scroll of fog {unknown}
 l - a scroll of enchant armour {unknown}
Potions
 b - a potion of berserk rage
 j - a potion of haste {unknown}
Comestibles
 f - 2 rations


   Skills:
 + Level 4.6 Fighting
 + Level 1.0 Short Blades
 + Level 1.0 Long Blades
 + Level 1.0 Axes
 + Level 1.0 Maces & Flails
 + Level 1.0 Polearms
 + Level 1.0 Staves
 + Level 1.0 Slings
 + Level 1.0 Bows
 + Level 1.0 Crossbows
 + Level 1.0 Throwing
 + Level 1.0 Armour
 + Level 2.7 Dodging
 + Level 2.5 Stealth
 + Level 2.7 Shields
 + Level 1.0 Unarmed Combat
 + Level 1.0 Spellcasting
 + Level 2.2 Conjurations
 + Level 0.8 Hexes
 + Level 0.8 Charms
 + Level 0.8 Summonings
 + Level 0.8 Necromancy
 + Level 0.8 Translocations
 + Level 0.8 Transmutations
 + Level 0.8 Fire Magic
 + Level 0.8 Ice Magic
 + Level 0.8 Air Magic
 + Level 7.1 Earth Magic
 + Level 0.8 Poison Magic
 + Level 1.1 Invocations
 + Level 1.0 Evocations


You had 5 spell levels left.
You didn't know any spells.

Dungeon Overview and Level Annotations

Branches:
Dungeon (2/15)

Altars:


Innate Abilities, Weirdness & Mutations

Your experience applies equally to all skills.
((You have very sharp teeth.))
Your uncanny sense of smell can sniff out nearby items.


Message History

Tha centaur hits ye wit' an enchanted shortbow!
Ye be too injured ta fight recklessly!
Ye be too injured ta fight recklessly!
Ye be too injured ta fight recklessly!
Ye be too injured ta fight recklessly!
Ye hit tha centaur but do nay damage.
Tha centaur be moderately wounded.
Tha centaur barely misses ye.
Tha hobgoblin hits ye wit' a club.
* * * LOW HITPOINT WARNIN'
* * * Ye hit tha centaur but do nay damage.
Tha centaur be moderately wounded.
Tha centaur hits ye wit' an enchanted shortbow.
* * * LOW HITPOINT WARNIN'
* * * Ye block tha hobgoblin's attack.
Tha centaur hits ye wit' an enchanted shortbow.
* * * LOW HITPOINT WARNIN'
* * * Ye turn inta a tree.
Yer +0 robe melds inta yer body.
Yer roots penetrate tha ground.
Tha centaur hits ye wit' an enchanted shortbow.
Ye die...

#########
#.......#
#......(#
#.......#
#.♣..[..#
#cg.....# #.
[..........#
#.
............#
#.
#......#######
#. #...... #.
#...... #.
###.###
########. ∆
......!..


You could see a centaur and a hobgoblin.

Vanquished Creatures
  5 adders (D:2)
  An ooze (D:1)
  2 dart slugs
  2 leopard geckos (D:2)
  A giant cockroach (D:1)
  3 goblins
  2 hobgoblins (D:1)
  A ball python (D:1)
  A bat (D:1)
  4 rats
22 creatures vanquished.

Notes
Turn   | Place    | Note
-------+----------+-------------------------------------------
     0 | D:1      | Inchmeat the Gnoll Wanderer began the quest for the Orb.
     0 | D:1      | Inchmeat set off with: a +2 dagger, a potion of berserk rage, a potion of lignification, a +0 buckler, a +0 robe, a ration
     0 | D:1      | Reached XP level 1. HP: 20/20 MP: 1/1
    98 | D:1      | Reached XP level 2. HP: 24/26 MP: 2/2
   414 | D:2      | Reached XP level 3. HP: 31/31 MP: 3/3
   598 | D:2      | Reached skill level 1 in Invocations
   627 | D:2      | Reached skill level 1 in Short Blades
   627 | D:2      | Reached skill level 1 in Long Blades
   627 | D:2      | Reached skill level 1 in Axes
   627 | D:2      | Reached skill level 1 in Maces & Flails
   627 | D:2      | Reached skill level 1 in Polearms
   627 | D:2      | Reached skill level 1 in Staves
   627 | D:2      | Reached skill level 1 in Slings
   627 | D:2      | Reached skill level 1 in Bows
   627 | D:2      | Reached skill level 1 in Crossbows
   627 | D:2      | Reached skill level 1 in Throwing
   627 | D:2      | Reached skill level 1 in Armour
   627 | D:2      | Reached skill level 1 in Unarmed Combat
   627 | D:2      | Reached skill level 1 in Spellcasting
   627 | D:2      | Reached skill level 1 in Evocations
   782 | D:2      | Reached XP level 4. HP: 38/38 MP: 5/5
  1116 | D:2      | Noticed a centaur
  1131 | D:2      | HP: 1/38 [centaur/enchanted shortbow (5)]
  1132 | D:2      | Slain by a centaur

Skill      XL: |  1  2  3 |
---------------+----------+-----
Conjurations   | 2 |  2.2
Invocations    | 1 |  1.1
Short Blades   | 1 |  1.0
Long Blades    | 1 |  1.0
Axes           | 1 |  1.0
Maces & Flails | 1 |  1.0
Polearms       | 1 |  1.0
Staves         | 1 |  1.0
Slings         | 1 |  1.0
Bows           | 1 |  1.0
Crossbows      | 1 |  1.0
Throwing       | 1 |  1.0
Armour         | 1 |  1.0
Unarmed Combat | 1 |  1.0
Spellcasting   | 1 |  1.0
Evocations     | 1 |  1.0
Fighting       | |  4.6
Dodging        | |  2.7
Stealth        | |  2.5
Shields        | |  2.7
Hexes          | |  0.8
Charms         | |  0.8
Summonings     | |  0.8
Necromancy     | |  0.8
Translocations | |  0.8
Transmutations | |  0.8
Fire Magic     | |  0.8
Ice Magic      | |  0.8
Air Magic      | |  0.8
Earth Magic    | |  7.1
Poison Magic   | |  0.8

Action                   |  1- 3 |  4- 6 || total
-------------------------+-------+-------++-------
Melee: Dagger            |    73 |    40 ||   113
       Bite              |     9 |     5 ||    14
  Use: Potion            |     1 |     1 ||     2
 Stab: Sleeping          |     3 |       ||     3
Armor: Robe              |     8 |     5 ||    13
Dodge: Dodged            |    47 |    26 ||    73
Block: Buckler           |    14 |    11 ||    25
